Map: Acropolis LE

Players

Reynor

  • Race: Zerg Zerg
  • Spawn Location: 11:00

Serral - Winner!

  • Race: Zerg Zerg
  • Spawn Location: 5:00

Event: 2019 WCS Global FInals

VOD

Have the link to the VOD?

Description

Time

  • Played on: Nov. 1, 2019, 9:31 p.m.
  • Length: 14:57

All games in this series

Show
View Real Time Build Order
Export as new Build Order

Reynor Zerg 

Build Orders: Hatch First, Muta Ling Bane 

Get SALT Encoding   

  12  0:00  Drone  
  13  0:11  Overlord  
  13  0:16  Drone  
  14  0:30  Drone x2  
  16  0:47  Hatchery  
  15  0:50  Drone  
  15  0:54  Drone  
  17  0:58  Drone  
  18  1:08  Extractor  
  17  1:13  Spawning Pool  
  17  1:16  Drone  
  17  1:19  Drone  
  18  1:27  Drone  
  19  1:37  Drone  
  20  1:48  Overlord  
  20  1:59  Drone, Queen x2  
  20  2:00  Drone  
  26  2:09  Drone  
  26  2:10  Drone  
  26  2:14  Metabolic Boost  
  28  2:20  Drone  
  28  2:21  Drone  
  30  2:32  Hatchery, Zergling x2  
  30  2:35  Drone  
  31  2:41  Drone  
  31  2:42  Overlord  
  32  2:52  Drone  
  32  2:53  Drone  
  34  2:58  Baneling Nest  
  34  3:03  Drone x2  
  34  3:04  Queen  
  37  3:07  Drone  
  37  3:08  Drone x2  
  37  3:10  Drone  
  41  3:14  Overlord  
  41  3:17  Zergling x2  
  41  3:18  Zergling x2  
  43  3:21  Zergling x2  
  44  3:28  Evolution Chamber  
  44  3:29  Drone  
  44  3:33  Drone  
  45  3:37  Zergling x2  
  45  3:39  Drone  
  47  3:42  Baneling  
  47  3:43  Drone x2  
  49  3:49  Lair  
  49  3:51  Drone x3  
  49  3:52  Extractor  
  49  3:53  Baneling  
  51  3:56  Zergling x4  
  51  4:00  Overlord, Roach Warren  
  52  4:04  Baneling  
  52  4:06  Drone x2  
  52  4:09  Drone, Extractor  
  54  4:13  Drone x2  
  54  4:14  Drone x2  
  54  4:16  Overlord  
  58  4:19  Drone x2  
  58  4:20  Drone  
  58  4:22  Drone  
  62  4:27  Zerg Melee Weapons Level 1  
  62  4:28  Drone, Extractor  
  62  4:30  Overlord  
  62  4:32  Drone  
  62  4:34  Drone  
  62  4:36  Drone  
  62  4:37  Drone  
  65  4:44  Zergling x6  
  65  4:45  Zergling x2  
  69  4:48  Overlord  
  69  4:50  Drone  
  69  4:52  Drone  
  71  4:54  Drone  
  71  4:55  Extractor  
  71  4:57  Extractor  
  71  4:58  Drone, Spire  
  70  5:00  Drone  
  70  5:04  Glial Reconstitution  
  70  5:05  Drone  
  74  5:07  Drone x2  
  74  5:09  Drone  
  74  5:12  Overlord  
  75  5:14  Drone x2  
  75  5:15  Drone  
  78  5:21  Drone x4  
  78  5:24  Overlord  
  78  5:26  Drone x2  
  84  5:30  Drone x3  
  84  5:33  Overlord  
  86  5:38  Drone x2  
  86  5:42  Zergling x6  
  91  5:45  Zergling x2  
  92  5:54  Hatchery  
  91  5:59  Overlord  
  91  6:11  Mutalisk x9  
  91  6:12  Mutalisk  
  91  6:18  Mutalisk  
  110  6:20  Drone x4  
  110  6:21  Drone x3  
  119  6:28  Mutalisk  
  119  6:32  Overlord  
  121  6:33  Drone  
  121  6:35  Zerg Flyer Weapons Level 1  
  121  6:38  Overlord  
  122  6:40  Hatchery  
  121  6:48  Overlord  
  121  6:53  Corruptor x3  
  127  6:55  Drone x2, Extractor  
  127  6:56  Extractor  
  126  7:07  Mutalisk x3  
  132  7:09  Overlord  
  132  7:16  Mutalisk  
  132  7:20  Zergling x20  
  144  7:27  Queen  
  144  7:28  Mutalisk x2  
  148  7:32  Mutalisk  
  148  7:33  Overlord  
  150  7:39  Zergling x16  
  150  7:43  Overlord  
  158  7:47  Overlord  
  158  7:50  Centrifical Hooks  
  158  7:51  Zerg Melee Weapons Level 2  
  158  7:52  Mutalisk  
  158  7:54  Drone x4  
  158  7:58  Drone, Queen  
  165  8:01  Mutalisk x2, Extractor  
  165  8:05  Drone x3  
  173  8:06  Extractor  
  173  8:10  Mutalisk  
  173  8:11  Mutalisk  
  174  8:15  Mutalisk  
  174  8:19  Mutalisk  
  175  8:22  Drone  
  175  8:23  Drone x2  
  175  8:25  Overlord  
  175  8:26  Mutalisk  
  182  8:34  Mutalisk x2  
  182  8:41  Overlord  
  186  8:49  Mutalisk x4  
  186  8:54  Spore Crawler  
  186  8:55  Zerg Flyer Weapons Level 2  
  193  8:57  Spore Crawler, Zergling x10  
  193  8:58  Overlord  
  193  9:00  Baneling x5  
  193  9:01  Baneling x2  
  197  9:05  Spore Crawler  
  197  9:06  Spore Crawler  
  195  9:14  Mutalisk x3  
  193  9:21  Zergling x14  
  193  9:23  Overlord  
  197  9:31  Drone x3  
  196  9:32  Zergling x8  
  196  9:37  Infestation Pit, Pneumatized Carapace  
  196  9:38  Overseer  
  197  9:40  Baneling x5  
  197  9:41  Baneling x9  
  197  9:42  Zergling x6  
  198  9:59  Mutalisk  
  185  10:10  Mutalisk x5  
  185  10:11  Mutalisk x4  
  185  10:12  Zergling x2  
  185  10:13  Zergling x4  
  199  10:22  Drone x2  
  199  10:26  Zergling x4  
  199  10:31  Hive  
  199  10:33  Drone  
  199  10:34  Spine Crawler  
  199  10:36  Overseer  
  199  10:40  Baneling x5  
  199  10:41  Baneling x17  
  197  10:45  Drone  
  197  10:46  Drone x4  
  197  10:49  Overseer  
  199  10:52  Drone x3, Zerg Ground Armor Level 1  
  199  11:04  Zergling x6  
  198  11:08  Zergling x2  
  198  11:12  Zergling x4  
  198  11:16  Drone x4  
  198  11:18  Zergling x4  
  199  11:30  Spore Crawler  
  198  11:38  Nydus Network  
  197  11:43  Adrenal Glands  
  197  11:46  Ultralisk Cavern  
  196  11:48  Drone  
  196  11:49  Evolution Chamber  
  196  11:51  Hatchery  
  195  11:54  Baneling x10  
  187  12:10  Zergling x2  
  187  12:11  Zergling x22  
  197  12:18  Drone x2  
  199  12:30  Nydus Canal  
  199  12:35  Drone  
  199  12:36  Drone  
  199  12:43  Overseer  
  199  12:44  Hatchery  
  199  12:48  Drone x4  
  199  12:49  Drone x8, Overseer  
  197  12:51  Drone x3  
  189  12:59  Drone x3  
  189  13:00  Drone  
  189  13:04  Ultralisk x2, Zergling x4  
  199  13:08  Drone  
  199  13:10  Zergling x10  
  195  13:23  Zergling x10  
  195  13:25  Baneling x2  
  195  13:26  Baneling x10  
  198  13:36  Hatchery  
  198  13:38  Ultralisk, Zergling x4  
  198  13:44  Zergling x6  
  195  13:54  Ultralisk x2  
  195  13:55  Ultralisk, Zergling x6  
  174  14:00  Ultralisk  
  180  14:06  Ultralisk x2, Zergling x2  
  192  14:11  Nydus Canal  
  192  14:14  Zergling x4  
  170  14:20  Zergling x4  
  170  14:23  Nydus Canal  
  173  14:25  Viper x2  
  173  14:26  Viper  
  173  14:29  Overseer x2  
  173  14:31  Zergling x2  
  183  14:33  Baneling  
  183  14:35  Zergling x6  
Show
View Real Time Build Order
Export as new Build Order

Serral Zerg - Winner!

Build Orders: Hatch First, Lurkers 

Get SALT Encoding   

  12  0:00  Drone  
  13  0:12  Overlord  
  13  0:16  Drone  
  14  0:30  Drone x2  
  16  0:47  Hatchery  
  15  0:50  Drone  
  15  0:53  Drone  
  17  0:57  Drone  
  18  1:07  Extractor  
  17  1:12  Spawning Pool  
  17  1:15  Drone  
  17  1:19  Drone  
  18  1:27  Drone  
  19  1:38  Drone  
  20  1:49  Drone  
  21  1:59  Overlord, Queen x2  
  21  2:00  Zergling x2  
  26  2:07  Metabolic Boost  
  26  2:09  Drone  
  26  2:10  Drone  
  28  2:21  Drone x2  
  30  2:32  Hatchery  
  30  2:35  Drone  
  30  2:37  Drone  
  30  2:41  Drone  
  32  2:47  Baneling Nest  
  32  2:49  Overlord  
  31  2:53  Drone  
  31  2:55  Drone  
  33  3:03  Drone  
  34  3:07  Drone, Zergling x4  
  34  3:09  Drone x2  
  34  3:10  Drone  
  40  3:13  Overlord  
  40  3:17  Zergling x2  
  40  3:18  Zergling x2  
  42  3:23  Queen  
  44  3:29  Evolution Chamber, Zergling x2  
  44  3:33  Drone  
  45  3:39  Drone x2  
  45  3:40  Drone x2  
  49  3:42  Baneling  
  49  3:43  Drone x2  
  49  3:46  Overlord  
  49  3:48  Drone  
  52  3:50  Drone  
  52  3:54  Drone  
  54  3:56  Zerg Missile Weapons Level 1  
  54  3:58  Drone  
  54  4:02  Drone x2  
  57  4:07  Drone  
  58  4:13  Drone x2  
  58  4:14  Lair  
  58  4:16  Overlord  
  58  4:17  Drone x2, Extractor x2  
  61  4:18  Drone  
  61  4:20  Zergling x2  
  61  4:22  Drone  
  61  4:23  Drone  
  63  4:28  Roach Warren  
  63  4:29  Overlord  
  63  4:30  Drone  
  63  4:31  Drone  
  64  4:37  Drone  
  65  4:39  Drone x2  
  65  4:44  Drone, Zergling x2  
  65  4:45  Drone x4  
  73  4:48  Pneumatized Carapace  
  73  4:49  Extractor  
  73  4:50  Overlord  
  73  4:51  Drone x3  
  75  4:56  Drone x2  
  77  5:02  Extractor  
  77  5:03  Extractor  
  77  5:04  Drone x3  
  78  5:12  Drone x2  
  78  5:13  Overseer  
  79  5:15  Glial Reconstitution  
  79  5:18  Drone  
  80  5:23  Overlord  
  80  5:26  Roach x5  
  90  5:32  Overlord x4  
  89  5:40  Hatchery  
  88  5:45  Queen x3  
  88  5:47  Evolution Chamber  
  93  5:50  Baneling x2  
  93  5:51  Roach  
  93  5:52  Roach x3  
  93  5:54  Drone  
  93  5:56  Drone  
  103  5:58  Drone x2  
  103  6:02  Zerg Missile Weapons Level 2  
  105  6:05  Spore Crawler  
  105  6:06  Overlord  
  105  6:08  Baneling x2  
  108  6:11  Roach x3  
  108  6:14  Drone x2  
  108  6:15  Drone  
  113  6:21  Spore Crawler, Queen  
  113  6:22  Infestation Pit  
  113  6:23  Spore Crawler  
  112  6:26  Spore Crawler  
  112  6:28  Drone x2  
  112  6:30  Overlord  
  112  6:32  Drone x3  
  116  6:35  Queen  
  116  6:37  Spore Crawler  
  116  6:38  Spore Crawler  
  116  6:41  Queen  
  116  6:42  Overseer  
  118  6:48  Roach  
  118  6:50  Baneling  
  118  6:51  Baneling  
  118  6:52  Baneling  
  120  6:56  Roach x2, Queen  
  124  7:02  Queen  
  124  7:05  Infestor x3  
  132  7:11  Queen  
  132  7:13  Infestor x2  
  137  7:19  Drone x3  
  137  7:21  Spore Crawler x2  
  137  7:22  Drone x2  
  137  7:25  Tunneling Claws  
  137  7:28  Burrow  
  136  7:30  Drone x2  
  136  7:33  Roach  
  136  7:34  Roach x2  
  144  7:41  Overlord  
  144  7:44  Hydralisk Den  
  143  7:46  Spore Crawler  
  143  7:48  Overlord  
  143  7:50  Overlord  
  142  7:52  Overlord x2  
  142  7:58  Overlord x2  
  142  7:59  Overlord  
  142  8:05  Drone x3  
  145  8:07  Extractor, Roach x6  
  145  8:08  Extractor  
  155  8:14  Drone x3  
  155  8:19  Grooved Spines  
  158  8:21  Hive, Zerg Ground Armor Level 1  
  158  8:22  Lurker Den  
  158  8:23  Hydralisk  
  158  8:25  Hydralisk  
  161  8:29  Hydralisk  
  161  8:31  Spore Crawler  
  159  8:36  Spawning Pool  
  159  8:38  Drone  
  159  8:39  Drone x3  
  159  8:41  Spore Crawler  
  161  8:43  Drone x2  
  161  8:44  Hydralisk  
  165  8:51  Roach x3  
  171  8:56  Roach x2  
  171  8:57  Roach  
  171  8:59  Overseer  
  177  9:04  Roach x3  
  177  9:06  Roach  
  177  9:07  Roach x3  
  177  9:09  Roach x4  
  179  9:24  Drone x3  
  179  9:25  Drone x2  
  179  9:26  Drone x2  
  179  9:27  Roach x3  
  179  9:29  Drone x3  
  187  9:34  Zerg Missile Weapons Level 3  
  187  9:36  Muscular Augments  
  187  9:38  Overlord  
  185  9:39  Overseer  
  185  9:46  Roach x3  
  185  9:52  Adaptive Talons  
  191  9:54  Lurker x4  
  191  9:56  Hydralisk x2  
  199  10:01  Roach x3  
  199  10:02  Hydralisk x2  
  192  10:11  Drone x2  
  192  10:12  Hydralisk x3  
  199  10:21  Zerg Ground Armor Level 2, Roach x4  
  199  10:27  Lurker  
  198  10:30  Hydralisk x2  
  198  10:35  Lurker  
  199  10:36  Spore Crawler  
  199  10:39  Roach x2  
  199  10:40  Roach x4  
  199  10:42  Roach x4  
  198  10:52  Roach  
  198  10:55  Roach  
  198  10:58  Spore Crawler, Spine Crawler  
  198  10:59  Spine Crawler  
  198  11:01  Spine Crawler  
  198  11:02  Hydralisk x2  
  196  11:19  Lurker  
  196  11:20  Lurker x5  
  196  11:22  Hydralisk  
  196  11:27  Roach x4  
  196  11:28  Roach  
  196  11:31  Hatchery  
  195  11:42  Overseer  
  195  11:43  Roach x10  
  195  11:46  Viper  
  198  12:06  Hydralisk x3  
  194  12:08  Lair  
  194  12:10  Hatchery  
  194  12:14  Roach  
  194  12:15  Roach x3  
  191  12:16  Viper x2  
  196  12:24  Roach x10  
  196  12:28  Spore Crawler  
  196  12:30  Spore Crawler  
  196  12:31  Spore Crawler  
  196  12:32  Spore Crawler  
  192  12:46  Roach x3  
  190  12:52  Hydralisk x4, Spine Crawler, Lurker  
  190  12:53  Spine Crawler  
  190  12:55  Spine Crawler  
  182  13:06  Hydralisk x4  
  182  13:09  Hydralisk x5, Lurker  
  195  13:15  Hydralisk x4  
  195  13:16  Hydralisk  
  196  13:40  Overlord x2  
  190  13:52  Hatchery  
  190  13:53  Overlord  
  190  13:55  Overlord x4  
  187  13:57  Overlord  
  187  13:59  Roach  
  180  14:19  Lurker x3  
  180  14:20  Lurker x3  
  180  14:22  Roach x9  
Tags
 
Add a new tag
Caveats
  • Supply blocks, unpowered buildings, or Contaminate may cause inaccurate times.
  • Supply counts are checked every 10 seconds.